 Dungeon Crawl Stone Soup version 0.16-a0-3728-gc6b4a4b (webtiles) character file.

84546 MrRokkomies the Spry (level 15, -3/81 HPs)
             Began as a Spriggan Assassin on Jan 22, 2015.
             Was an Initiate of Gozag.
             Slain by a skeletal warrior
             ... wielding a +0 trident
              (22 damage)
             ... on level 14 of the Dungeon.
             The game lasted 02:14:04 (39481 turns).

MrRokkomies the Spry (Spriggan Assassin)           Turns: 39481, Time: 02:14:05

Health: -3/81      AC: 13    Str:  7    XL:     15   Next: 35%
Magic:  34/34      EV: 19    Int: 17    God:    Gozag
Gold:   258        SH: 10    Dex: 20    Spells: 0 memorised, 14 levels left

rFire  + + +     SeeInvis +     a - +5 dagger (elec)
rCold  + . .     Clarity  .     m - +1 fire dragon armour
rNeg   + . .     SustAb   +     f - +2 buckler {reflect}
rPois  +         Gourm    .     (helmet restricted)
rElec  .         Spirit   .     l - +2 cloak
rCorr  .         Warding  +     (gloves unavailable)
rMut   .         Stasis   .     (boots unavailable)
MR     ++...                    U - macabre finger necklace {Ward rN+}
Stlth  ++++......               A - ring of poison resistance
                                q - ring of Shraeria {SustAb rF+ rC++}
                                (no ring)

@: very quick, very resistant to hostile enchantments, stealthy
A: unfitting armour, see invisible, herbivore 3, speed 3, slow metabolism 2
a: Potion Petition, Call Merchant, Bribe Branch, Renounce Religion


You were on level 14 of the Dungeon.
You worshipped Gozag.
Gozag was noncommittal.
You were not hungry.

You visited 4 branches of the dungeon, and saw 27 of its levels.
You also visited: Volcano.

You collected 10283 gold pieces.
You spent 3556 gold pieces at shops.
You paid 6469 gold pieces to Gozag.

Inventory:

Hand weapons
 a - a +5 dagger of electrocution (weapon)
 b - the +8 blowgun of Frymoz {evade, rF+}
   (You bought it in a shop on level 7 of the Dungeon)

   It affects your evasion (+5 to EV).
   It protects you from fire.
Missiles
 v - 2 curare-tipped needles
 J - 27 tomahawks (quivered)
 Q - 115 poisoned needles
Armour
 f - a +2 buckler of reflection (worn)
 l - a +2 cloak (worn)
 m - a +1 fire dragon armour (worn)
Jewellery
 q - the ring of Shraeria (left hand) {SustAb rF+ rC++}
   (You bought it in a shop on level 13 of the Dungeon)

   [ring of sustain abilities]

   It sustains your strength, intelligence and dexterity.
   It protects you from fire.
   It greatly protects you from cold.
 s - the ring "Psaux Thru" {HP+9 MP+9 Str+2 Int-2}
   (You found it on level 11 of the Dungeon)

   [ring of magical power]

   It affects your strength (+2).
   It affects your intelligence (-2).
   It affects your health (+9).
   It affects your magic capacity (+9).
 y - an uncursed ring of protection from magic
 z - an uncursed ring of protection from fire
 A - a ring of poison resistance (right hand)
 U - the macabre finger necklace (around neck) {Ward rN+}
   (You found it on level 6 of the Lair of Beasts)

   [amulet of warding]

   It may prevent the melee attacks of summoned creatures.
   It protects you from negative energy.
 V - an uncursed amulet of resist corrosion
 Y - an uncursed amulet of resist mutation
Magical devices
 c - a wand of disintegration (2)
 e - a wand of draining (7)
 C - a wand of confusion (11)
 E - a wand of cold (9)
 O - a wand of draining (4)
Scrolls
 k - 16 scrolls of remove curse
 o - 11 scrolls of teleportation
 p - 4 scrolls of blinking
 t - a scroll of fog
 w - 6 scrolls of fear
 B - a scroll of enchant weapon
 D - a scroll of silence
 I - a scroll of immolation
 W - 4 scrolls of identify
Potions
 h - 3 potions of might
 i - 4 potions of agility
 j - 2 potions of resistance
 n - 7 potions of curing
 r - 3 potions of haste
 x - 4 potions of magic
 K - a potion of cancellation
 M - 2 potions of berserk rage
 P - a potion of ambrosia
 S - 5 potions of invisibility
Miscellaneous
 u - an ornate deck of defence {drawn: 4}
 L - a lamp of fire
 R - an ornate deck of changes {drawn: 1}
 T - a box of beasts {used: 1}
 X - a phantom mirror
Comestibles
 d - 4 royal jellies
 g - 15 bread rations
 F - 3 fruits


   Skills:
 - Level 10.5 Fighting
 - Level 10.1 Short Blades
 - Level 14.0 Throwing
 * Level 4.3 Armour
 - Level 16.1 Dodging
 - Level 10.0 Stealth
 - Level 7.0 Shields
 - Level 13.8 Evocations


You had 14 spell levels left.
You didn't know any spells.

Dungeon Overview and Level Annotations

Branches:
Dungeon (14/15)            Temple (1/1) D:6            Lair (8/8) D:10
  Swamp (0/5) Lair:6        Snake (0/5) Lair:4        Slime (0/6) Lair:7
    Orc (4/4) D:12            Elf (0/3) Orc:4
 Vaults: D:13-14

Altars:
Ashenzari
Cheibriados
Dithmenos
Elyvilon
Fedhas
Gozag
Kikubaaqudgha
Makhleb
Nemelex Xobeh
Okawaru
Qazlal
Ru
Sif Muna
Trog
Vehumet
Xom
Yredelemnul
Zin
The Shining One
Beogh
Jiyva

Shops:
D:7 (   D:11 (   D:13 %=   D:14 }   Orc:4 ([[(

Annotations:
Lair:7 runed door


Innate Abilities, Weirdness & Mutations

You are tiny and cannot use many weapons and most armour.
You have supernaturally acute eyesight.
You are a herbivore.
You cover ground extremely quickly.
You need consume almost no food.


Message History

The skeletal warrior is moderately damaged.
Throwing (i - inventory):
J - 30 tomahawks (quivered)
Press: ? - help, Shift-Dir - straight line, f - skeletal warrior
Aim: a skeletal warrior, wielding a long sword of slicing (almost destroyed)
You throw a tomahawk. The tomahawk hits the skeletal warrior.
You destroy the skeletal warrior!
Throwing (i - inventory):
J - 29 tomahawks (quivered)
Press: ? - help, Shift-Dir - straight line, f - skeletal warrior
Aim: a skeletal warrior, wielding a trident (moderately damaged)
You throw a tomahawk.
The tomahawk hits the skeletal warrior but does no damage.
The skeletal warrior is moderately damaged.
Throwing (i - inventory):
J - 28 tomahawks (quivered)
Press: ? - help, Shift-Dir - straight line, f/p - skeletal warrior
Aim: a skeletal warrior, wielding a trident (moderately damaged)
You throw a tomahawk. The tomahawk hits the skeletal warrior!
The skeletal warrior is heavily damaged.
The skeletal warrior hits you from afar with a trident!!
You die...
Your body crumbles into a pile of gold.

#.##########(# .. #.# #(#
..# #.# #.# ..#
#.##########.#
..############....∩....(..#
...................(.((...#
..................z.......#
..........................#
................@.(.......#
..........................#
..###########...########..#
..# #...# #..# ..#
#...########..#
..###########.............#
..........................#
........>.................#
...<......................#


You could see a skeletal warrior.

Vanquished Creatures
  Snorg (Lair:3)
  A fire dragon (Lair:8)
  9 hydras
  A centaur warrior (D:13)
  A tengu warrior (D:13)
  4 death yaks (Lair:3)
  A catoblepas (D:13)
  7 orc high priests (Orc:4)
  Erolcha (D:13)
  6 skeletal warriors
  An unseen horror (D:10)
  4 hill giants
  A griffon (D:13)
  A lindwurm (Lair:7)
  An orc knight (Orc:2)
  2 ugly things
  A cyclops (D:11)
  3 elephants (Lair:4)
  2 orc sorcerers
  2 toenail golems (Volcano)
  2 molten gargoyles (Volcano)
  A torpor snail (Lair:7)
  9 spiny frogs
  2 kobold demonologists
  Psyche (D:9)
  9 black mambas
  A gargoyle (D:13)
  7 komodo dragons
  An efreet (Volcano)
  6 fire drakes
  A red devil (Volcano)
  A boulder beetle (Lair:7)
  2 trolls
  14 polar bears
  2 raiju (Lair:8)
  5 slime creatures (D:13)
  15 blink frogs
  6 basilisks
  4 ravens (D:13)
  A hog (D:8)
  2 fire bats (Volcano)
  A human (D:8)
  2 vampire mosquitoes (D:12)
  3 steam dragons
  10 hippogriffs
  6 spriggans (Lair:5)
  2 wraiths
  55 yaks
  19 wolves
  5 hell hounds
  6 swamp worms (Lair:6)
  13 wargs
  2 mottled dragons (Lair:8)
  10 porcupines
  4 phantoms
  3 sky beasts
  13 water moccasins
  A wasp (D:9)
  3 ice beasts
  12 black bears (Lair:8)
  3 necrophages
  29 orc warriors
  9 ogres
  6 centaurs
  4 big kobolds
  20 crocodiles
  Blork the orc (D:7)
  16 giant frogs
  A troll zombie (D:9)
  5 scorpions
  12 killer bees
  2 goliath beetles
  4 centaur zombies
  An electric eel (Lair:6)
  5 crimson imps
  5 wights
  2 lava snakes (Volcano)
  9 jellies
  52 orc priests
  A wasp zombie (D:11)
  2 centaur skeletons
  2 giant frog skeletons (D:7)
  21 hounds
  A human skeleton (D:9)
  8 iguanas
  A giant frog zombie (D:11)
  7 human zombies (D:9)
  35 orc wizards
  13 worker ants
  14 sheep
  A killer bee zombie (D:10)
  Jessica (D:3)
  4 mummies
  8 gnolls
  20 adders
  63 river rats
  2 giant mites
  3 shadow imps
  4 worms
  10 giant geckos
  6 oozes
  231 orcs
  10 bats
  3 bat skeletons
  3 bat zombies
  2 giant cockroaches
  23 goblins
  19 hobgoblins
  26 kobolds
  11 quokkas
  A ball python (D:5)
  A ball python skeleton (D:4)
  3 giant newts
  3 giant spores
  31 jackals
  12 rats
  3 ballistomycetes
  2 plants (Lair:8)
1109 creatures vanquished.

Vanquished Creatures (collateral kills)
  Nergalle (Lair:3)
  A skeletal warrior (D:10)
  A fire drake (Lair:3)
3 creatures vanquished.

Vanquished Creatures (others)
  A chimera (D:11)
  3 orcs
  2 kobolds
  A giant spore (D:9)
  A bush (D:9)
  4 fungi
  2 plants
14 creatures vanquished.

Grand Total: 1126 creatures vanquished

Notes
Turn   | Place    | Note
--------------------------------------------------------------
     0 | D:1      | MrRokkomies, the Spriggan Assassin, began the quest for the Orb.
     0 | D:1      | Reached XP level 1. HP: 10/10 MP: 2/2
   342 | D:1      | Reached XP level 2. HP: 12/14 MP: 4/4
   651 | D:1      | Reached skill level 6 in Stealth
  1070 | D:1      | Reached XP level 3. HP: 15/18 MP: 6/6
  1786 | D:2      | Reached XP level 4. HP: 19/22 MP: 8/8
  2341 | D:2      | Reached XP level 5. HP: 25/25 MP: 10/10
  2824 | D:3      | Noticed Jessica
  2826 | D:3      | Killed Jessica
  3663 | D:4      | Reached skill level 7 in Stealth
  3699 | D:4      | Found a snail-covered altar of Cheibriados.
  4023 | D:4      | Reached XP level 6. HP: 30/30 MP: 12/12
  4127 | D:4      | Reached skill level 5 in Throwing
  4319 | D:4      | Reached skill level 5 in Short Blades
  4526 | D:4      | Found a deep blue altar of Sif Muna.
  4612 | D:4      | Noticed an ogre
  4615 | D:4      | Killed an ogre
  4740 | D:5      | Entered Level 5 of the Dungeon
  4902 | D:5      | Gained mutation: You have a pair of small horns on your head. [potion of mutation]
  4902 | D:5      | Gained mutation: Your body is slowly deteriorating. [potion of mutation]
  4903 | D:5      | Gained mutation: You can spit poison. [potion of beneficial mutation]
  4926 | D:5      | Found a shimmering altar of Xom.
  4989 | D:5      | Reached XP level 7. HP: 20/33 MP: 14/14
  5460 | D:5      | Reached skill level 8 in Stealth
  6247 | D:6      | Reached XP level 8. HP: 37/37 MP: 16/16
  6341 | D:6      | Reached skill level 9 in Stealth
  6379 | D:6      | Found a shattered altar of Ashenzari.
  7070 | D:6      | Found a staircase to the Ecumenical Temple.
  7082 | Temple   | Entered the Ecumenical Temple
  7819 | D:7      | Noticed Blork the orc
  7849 | D:7      | Killed Blork the orc
  7934 | D:7      | Found Oxigrug's Weapon Boutique.
  8009 | D:7      | Reached XP level 9. HP: 15/41 MP: 18/18
  8278 | D:7      | Reached skill level 10 in Stealth
  9408 | D:7      | Found an opulent altar of Gozag.
  9409 | D:7      | Found a glowing silver altar of Zin.
  9419 | D:7      | Became a worshipper of Gozag Ym Sagoz the Greedy
  9892 | D:8      | Reached skill level 10 in Short Blades
  9892 | D:8      | Reached skill level 10 in Throwing
 10157 | D:8      | Noticed a kobold demonologist
 10161 | D:8      | Killed a kobold demonologist
 10161 | D:8      | Reached XP level 10. HP: 42/49 MP: 19/19
 10198 | D:8      | Reached skill level 5 in Dodging
 11451 | D:9      | Found a radiant altar of Vehumet.
 11623 | D:9      | Found a stormy altar of Qazlal.
 11770 | D:9      | Found an ancient bone altar of Kikubaaqudgha.
 11947 | D:9      | Reached skill level 5 in Fighting
 12007 | D:9      | Noticed Psyche
 12013 | D:9      | Killed Psyche
 12517 | D:10     | Entered Level 10 of the Dungeon
 12830 | D:10     | Found a staircase to the Lair.
 13117 | D:10     | Reached skill level 10 in Dodging
 13131 | D:10     | Reached XP level 11. HP: 39/56 MP: 20/20
 13497 | D:10     | Noticed a hill giant
 13541 | D:10     | Killed a hill giant
 13541 | D:10     | Reached skill level 11 in Dodging
 13630 | D:10     | Noticed an unseen horror
 13654 | D:10     | Killed an unseen horror
 14217 | Lair:1   | Entered Level 1 of the Lair of Beasts
 14220 | Lair:1   | Reached skill level 12 in Dodging
 14337 | Lair:1   | Lost mutation: You can spit poison. [potion of cure mutation]
 14337 | Lair:1   | Lost mutation: Your body is slowly deteriorating. [potion of cure mutation]
 14337 | Lair:1   | Lost mutation: You have a pair of small horns on your head. [potion of cure mutation]
 14531 | D:7      | Bought the +8 blowgun of Frymoz {evade, rF+} for 798 gold pieces
 15950 | Lair:2   | Reached skill level 13 in Dodging
 16140 | Lair:2   | Reached skill level 1 in Evocations
 16336 | Lair:2   | Noticed an eight-headed hydra
 16371 | Lair:2   | Killed an eight-headed hydra
 16371 | Lair:2   | Reached XP level 12. HP: 55/65 MP: 24/25
 16421 | Lair:2   | Reached skill level 5 in Evocations
 17027 | D:11     | Found Foryubb's Antique Weapon Emporium.
 17043 | D:11     | Bought a runed dagger for 50 gold pieces
 17560 | Lair:3   | Noticed Nergalle
 17622 | Lair:3   | Killed Nergalle
 17780 | Lair:3   | Noticed Snorg
 17891 | Lair:3   | Killed Snorg
 18519 | Lair:3   | Reached skill level 10 in Fighting
 18613 | Lair:3   | Reached skill level 10 in Evocations
 19517 | Lair:4   | Found a dark tunnel.
 19525 | Volcano  | Entered a volcano
 19745 | Volcano  | Found a radiant altar of Vehumet.
 19831 | Volcano  | Reached XP level 13. HP: 72/72 MP: 31/31
 20254 | Lair:4   | Found a staircase to the Snake Pit.
 21115 | Lair:5   | Reached skill level 1 in Shields
 23266 | Lair:6   | Reached skill level 5 in Shields
 24308 | Lair:6   | Found a staircase to the Swamp.
 25679 | Lair:7   | Found a runed door.
 25679 | Lair:7   | Found a viscous altar of Jiyva.
 25682 | Lair:7   | Found a staircase to the Slime Pits.
 25849 | Lair:8   | Entered Level 8 of the Lair of Beasts
 25857 | Lair:8   | Reached XP level 14. HP: 77/77 MP: 32/32
 26466 | Lair:8   | Reached skill level 14 in Dodging
 28671 | Lair:8   | Reached skill level 15 in Dodging
 30314 | D:11     | Got a twitching ivory ring
 30323 | D:11     | Identified the ring "Psaux Thru" {HP+9 MP+9 Str+2 Int-2} (You found it on level 11 of the Dungeon)
 30517 | D:11     | Noticed an eight-headed hydra
 30539 | D:11     | Killed an eight-headed hydra
 31722 | D:12     | Found a staircase to the Orcish Mines.
 31879 | D:12     | Reached skill level 16 in Dodging
 32387 | Orc:1    | Entered Level 1 of the Orcish Mines
 35329 | Orc:4    | Entered Level 4 of the Orcish Mines
 35330 | Orc:4    | Identified a scroll of acquirement
 35431 | Orc:4    | Found a staircase to the Elven Halls.
 36022 | Orc:4    | Found Felas' Armour Emporium.
 36022 | Orc:4    | Found Smanuwk's Weapon Boutique.
 36143 | Orc:4    | Reached XP level 15. HP: 50/80 MP: 34/34
 36315 | Orc:4    | Found a roughly hewn altar of Beogh.
 36330 | Orc:4    | Found Loyseam's Antique Weapon Emporium.
 36330 | Orc:4    | Found Schiuc's Antique Armour Boutique.
 36563 | Orc:4    | Bought a fire dragon hide for 1400 gold pieces
 37340 | D:13     | Noticed Erolcha
 37349 | D:13     | Killed Erolcha
 37357 | D:13     | Found Icoellap's Jewellery Shoppe.
 37361 | D:13     | Bought the ring of Shraeria {SustAb rF+ rC++} for 735 gold pieces
 37361 | D:13     | Bought an uncursed ring of poison resistance for 300 gold pieces
 37729 | D:13     | Reached skill level 1 in Armour
 38651 | D:13     | Found Vaeniew's Food Boutique.
 38654 | D:13     | Bought a bread ration for 70 gold pieces
 38654 | D:13     | Bought a bread ration for 70 gold pieces
 38654 | D:13     | Bought a bread ration for 70 gold pieces
 38654 | D:13     | Bought 3 fruits for 63 gold pieces
 39202 | D:14     | Found Eshrahun's Gadget Emporium.
 39481 | D:14     | Slain by a skeletal warrior

Action                   |  1- 3 |  4- 6 |  7- 9 | 10-12 | 13-15 || total
-------------------------+-------+-------+-------+-------+-------++-------
Melee: Dagger            |   119 |   176 |   482 |  1290 |  3281 ||  5348
       Unarmed           |       |       |       |     1 |       ||     1
 Fire: Blowgun           |     8 |    60 |    74 |   103 |   122 ||   367
Throw: Stone             |       |       |    10 |       |       ||    10
       Tomahawk          |       |       |       |    20 |   287 ||   307
Invok: Potion Petition   |       |       |       |     1 |     6 ||     7
       Call Merchant     |       |       |       |     1 |     2 ||     3
 Abil: Spit Poison       |       |       |       |     2 |       ||     2
Evoke: Wand              |       |       |       |    14 |    15 ||    29
       Deck              |       |       |       |     2 |     3 ||     5
       Lamp of fire      |       |       |       |     1 |     1 ||     2
       Box of beasts     |       |       |       |       |     3 ||     3
  Use: Scroll            |     5 |    10 |    13 |    12 |    13 ||    53
       Potion            |       |     2 |       |     2 |     6 ||    10
 Stab: Sleeping          |     8 |    12 |    29 |    54 |    58 ||   161
       Distracted        |       |     4 |     4 |     8 |    28 ||    44
       Confused          |       |       |       |     2 |     1 ||     3
       Invisible         |       |       |       |     3 |     5 ||     8
       Fleeing           |       |       |       |       |     4 ||     4
  Eat: Pizza             |       |     1 |       |     7 |     1 ||     9
       Bread ration      |       |       |     1 |       |     3 ||     4
       Fruit             |       |       |       |       |     8 ||     8
